 Dungeon Crawl Stone Soup version 0.29-a0-998-g1987434951 (webtiles) character file.

Game seed: 1808123061774599738

9783 hermitkingdom the Nimble (level 11, -1/47 HPs)
             Began as a Spriggan Enchanter on Aug 5, 2022.
             Was an Elder of Zin.
             Slain by a catoblepas (7 damage)
             ... on level 3 of the Lair of Beasts on Aug 6, 2022.
             The game lasted 01:27:19 (16581 turns).

hermitkingdom the Nimble (Spriggan Enchanter)      Turns: 16581, Time: 01:27:19

Health: -1/47      AC:  7    Str:  6    XL:     11   Next: 27%
Magic:  19/21      EV: 37    Int: 22    God:    Zin [****..]
Gold:   615        SH:  0    Dex: 24    Spells: 23/23 levels left

rFire   . . .      SeeInvis +   o - +5 short sword of Flawed Execution {spect, Will+ Int+4 Dex-5}
rCold   . . .      Faith    .   (no shield)
rNeg    . . .      Spirit   .   b - +2 robe
rPois   ∞          Reflect  .   (helmet restricted)
rElec   .          Harm     .   j - +2 cloak of the Thief {*Fog Slay-2 SInv Stlth+}
rCorr   .          Rampage  .   (gloves unavailable)
Will    ++...                   (boots unavailable)
Stlth   ++++......              (no amulet)
HPRegen 0.15/turn               m - +6 ring of dexterity
MPRegen 0.17/turn               r - +4 ring of evasion

@: vitalised, very quick
A: very small, no large weapons, unfitting armour, see invisible, speed 3
a: Renounce Religion, Recite, Vitalisation, Imprison, Donate Gold


You were on level 3 of the Lair of Beasts.
You worshipped Zin.
Zin was greatly pleased with you.
You visited 3 branches of the dungeon, and saw 12 of its levels.
You also visited: Ossuary.

You collected 1221 gold pieces.
You donated 577 gold pieces to Zin.
You paid 29 gold pieces to Gozag.

Inventory:

Hand Weapons
 a - a +3 war axe
 c - a +2 spectral club
 d - a +3 whip
 o - the +5 short sword of Flawed Execution (weapon) {spect, Will+ Int+4 Dex-5}
   (You found it on level 4 of the Dungeon)

   When its wielder attacks, the weapon's spirit leaps out and strikes again.
   The spirit shares a part of any damage it takes with its wielder.
   Int:       It affects your intelligence (+4).
   Dex:       It affects your dexterity (-5).
   Will:      It increases your willpower.
 z - a +2 dagger of freezing
 B - a +1 vorpal falchion
 E - a +0 dagger of venom
Armour
 b - a +2 robe (worn)
 f - the +0 leather armour "Hiprukur" {Harm rElec Dex+6 Stlth-}
   (You found it on level 8 of the Dungeon)

   Dex:       It affects your dexterity (+6).
   rElec:     It insulates you from electricity.
   Harm:      It increases damage dealt and taken.
   Stlth:     It makes you less stealthy.
 h - +0 steam dragon scales
 j - the +2 cloak of the Thief (worn) {*Fog Slay-2 SInv Stlth+}
   (You found it on level 5 of the Dungeon)

   It may release a thick cloud of smoke when the wearer is hurt.
   Slay:      It affects your accuracy & damage with ranged weapons and melee
   (-2).
   SInv:      It lets you see invisible.
   Stlth:     It makes you more stealthy.
 s - the +1 ring mail of the Eight Boll Weevils {rElec rC++ Regen+ Str+2}
   (You found it on level 6 of the Dungeon)

   Str:       It affects your strength (+2).
   rC:        It greatly protects you from cold.
   rElec:     It insulates you from electricity.
   Regen:     It increases your rate of health regeneration.
Magical Staves
 y - a staff of conjuration
Jewellery
 k - a +4 ring of protection
 m - a +6 ring of dexterity (left hand)
 r - a +4 ring of evasion (right hand)
 x - a ring of magical power
 A - an amulet of magic regeneration
Wands
 v - a wand of mindburst (1)
Scrolls
 e - 3 scrolls of poison
 u - a scroll of teleportation
 D - 2 scrolls of enchant armour
 F - 3 scrolls of amnesia
 G - 2 scrolls of magic mapping
Potions
 g - 2 potions of ambrosia
 i - 2 potions of flight
 n - 2 potions of might
 p - a potion of brilliance
 q - 3 potions of attraction
 t - 7 potions of curing
 w - 2 potions of haste {unknown}
 C - a potion of berserk rage


   Skills:
 - Level 12.0 Short Blades
 * Level 14.6 Dodging
 - Level 4.4 Stealth
 - Level 6.5 Spellcasting
 - Level 3.6 Hexes
 + Level 6.7 Invocations


You had 23 spell levels left.
You didn't know any spells.
Your spell library contained the following spells:

 Spells                   Type           Power      Damage    Failure   Level
 Ensorcelled Hibernation  Hex/Ice        30%        N/A       6%          2
 Confusing Touch          Hex            23%        N/A       6%          3
 Tukima's Dance           Hex            23%        N/A       6%          3
 Magic Dart               Conj           28%        1d4       9%          1
 Dazzling Flash           Conj/Hex       30%        N/A       12%         3
 Blink                    Tloc           14%        N/A       13%         2
 Passwall                 Tmut/Erth      5%         N/A       13%         2
 Searing Ray              Conj           14%        2d5       13%         2
 Lesser Beckoning         Tloc           7%         N/A       26%         3
 Spider Form              Tmut/Pois      7%         N/A       26%         3
 Swiftness                Air            7%         N/A       26%         3
 Anguish                  Hex/Necr       7%         N/A       38%         4
 Fulminant Prism          Conj/Hex       7%         3d7       38%         4
 Manifold Assault         Tloc           7%         N/A       94%         5
 Summon Forest            Summ/Tloc      3%         N/A       94%         5
 Eringya's Noxious Bog    Tmut/Pois      3%         N/A       100%        6
 Summon Hydra             Summ           3%         N/A       100%        7


Dungeon Overview and Level Annotations

Branches:
Dungeon (8/15)             Temple (1/1) D:7            Lair (3/5) D:8
  Snake (0/4) Lair:2      Ossuary (visited)
  Swamp: Lair:2-3    Shoals: Lair:2-3

Altars:
Cheibriados
Dithmenos
Fedhas
Gozag
Hepliaklqana
Makhleb
Nemelex Xobeh
Okawaru
Qazlal
Ru
Sif Muna
Trog
Uskayaw
Vehumet
Wu Jian
Xom
Yredelemnul
Zin
The Shining One

Annotations:
D:3 2 transporters, siradein's ghost, amateur SpBe
D:5 exclusions: downstairs and 1 more exclusion
D:6 exclusion: door
D:7 1 exclusion
D:8 !A MOTHERFUCKIN' HYDRA, exclusions: door, electric eel and 3 more exclusions
Lair:1 !HYDRA, exclusions: downstairs and 1 more exclusion
Lair:2 exclusions: door, downstairs, minotaur, upstairs and 1 more exclusion


Innate Abilities, Weirdness & Mutations

You are very small and have problems with some larger weapons.
You are too small for most types of armour.
You have supernaturally acute eyesight. (SInv)
You cover ground extremely quickly. (Speed+++)


Message History

The catoblepas is lightly wounded.
Your +5 short sword of Flawed Execution {spect, Will+ Int+4 Dex-5} hits the catoblepas.
The catoblepas misses you.
You hit the catoblepas but do no damage.
The catoblepas is moderately wounded.
Your +5 short sword of Flawed Execution {spect, Will+ Int+4 Dex-5} hits the catoblepas but does no damage.
You completely miss the catoblepas.
The catoblepas is moderately wounded.
Your +5 short sword of Flawed Execution {spect, Will+ Int+4 Dex-5} hits the catoblepas but does no damage.
A nearby fungus withers and dies.
The catoblepas breathes a plume of calcifying dust at you.
The blast of calcifying dust hits you.
You hit the catoblepas but do no damage.
The catoblepas is lightly wounded.
Your +5 short sword of Flawed Execution {spect, Will+ Int+4 Dex-5} hits the catoblepas.
You are engulfed in calcifying dust.
You are slowing down.
Your limbs are stiffening.
You have turned to stone.
The catoblepas barely misses you.
The catoblepas gores you but does no damage.
The catoblepas gores you!! The catoblepas gores you!
With a swish of your cloak, you release a cloud of fog.
The catoblepas gores you!! The catoblepas gores you.
* * * LOW HITPOINT WARNING * * *
The catoblepas gores you!
* * * LOW HITPOINT WARNING * * *
The catoblepas breathes a plume of calcifying dust at you.
The blast of calcifying dust hits you!
* * * LOW HITPOINT WARNING * * *
You turn to flesh and can move again.
Aiming: Imprison (4% risk of failure)
Press: ? - help, Dir - move target, f/p - catoblepas
Aim: a catoblepas (grey smoke, lightly wounded)
You need more space to imprison the catoblepas.
Zin grants you divine stamina. The catoblepas gores you!
You die...

#############
##.............
##.<............
#.#..(..........
##..............
#.......?..)...
##..###§§§.....
#.§.#P§§§.....
##..§##@§§.....
#....§Y§§......
........§§§§§.....
..................
...................
........§..........
........§......(...
#.................
#...#..........#


You could see a catoblepas.

Vanquished Creatures
  Gastronok (Lair:2)
  Maurice (D:8)
  A cane toad (Lair:1)
  Maggie (Lair:1)
  A rime drake (Lair:1)
  4 komodo dragons
  A polar bear (D:8)
  Grinder (D:4)
  Sigmund (D:5)
  A basilisk (Lair:1)
  3 yaks (Lair:2)
  2 wyverns (Lair:1)
  A steam dragon (D:8)
  Menkaure (D:6)
  2 nagas (Lair:2)
  3 water moccasins
  An orc warrior (D:7)
  2 ice beasts
  A black bear (Lair:2)
  An ogre (D:5)
  12 wolves (Lair:2)
  2 centaurs (D:6)
  2 elf zombies (Ossuary)
  Blork the orc (D:6)
  8 bullfrogs
  2 necrophages
  6 scorpions
  A gnoll sergeant (D:6)
  2 howler monkeys (D:8)
  2 centaur zombies (Ossuary)
  2 jellies
  Crazy Yiuf (D:6)
  2 hounds
  A human zombie (Ossuary)
  An orc priest (D:8)
  Jessica (D:3)
  Ijyb (D:3)
  Natasha (thrice) (D:4)
  4 iguanas
  5 orc wizards (D:7)
  2 hound zombies (Ossuary)
  3 mummies (Ossuary)
  8 gnolls (D:6)
  6 adders
  A shadow imp (D:5)
  3 white imps
  2 adder zombies (Ossuary)
  A worm (D:3)
  2 dart slugs
  9 orcs
  4 ball pythons
  2 bats
  6 endoplasms
  A giant cockroach (D:2)
  2 gnoll zombies (Ossuary)
  5 goblins
  5 hobgoblins
  4 jackals (D:2)
  4 frilled lizards
  3 goblin zombies (Ossuary)
  A hobgoblin zombie (Ossuary)
  A jackal zombie (Ossuary)
  4 kobolds
  4 kobold zombies (Ossuary)
  An orc zombie (Ossuary)
  8 quokka zombies (Ossuary)
  3 rats
  6 rat zombies (Ossuary)
190 creatures vanquished.

Vanquished Creatures (collateral kills)
  Pikel (D:5)
  A steam dragon (D:8)
2 creatures vanquished.

Vanquished Creatures (others)
  An orc wizard (D:6)
  17 fungi
  33 plants
51 creatures vanquished.

Grand Total: 243 creatures vanquished

Notes
Turn   | Place    | Note
-------+----------+-------------------------------------------
     0 | D:1      | hermitkingdom the Spriggan Enchanter began the quest for
                  | the Orb.
     0 | D:1      | Reached XP level 1. HP: 9/9 MP: 5/5
  1433 | D:2      | You fall into a shaft and drop 1 floor!
  1444 | D:3      | Noticed Jessica
  1514 | D:2      | Reached XP level 2. HP: 12/13 MP: 6/6
  1982 | D:2      | Found a faded altar of an unknown god.
  2054 | D:2      | Reached XP level 3. HP: 15/16 MP: 8/8
  3085 | D:3      | Found a transporter.
  3088 | D:3      | Noticed siradein's ghost (amateur SpBe)
  3213 | D:3      | Found a transporter.
  3405 | D:3      | Noticed Ijyb
  3438 | D:3      | Killed Ijyb
  3439 | D:3      | Reached XP level 4. HP: 21/21 MP: 9/9
  3814 | D:3      | Found an opulent altar of Gozag.
  3825 | D:3      | Became a worshipper of Gozag Ym Sagoz the Greedy
  4089 | D:3      | Killed Jessica
  4090 | D:3      | Reached skill level 5 in Short Blades
  4658 | D:4      | Identified the +5 short sword of Flawed Execution {spect,
                  | Will+ Int+4 Dex-5}
  4744 | D:4      | Noticed a scorpion
  4744 | D:4      | Noticed a scorpion
  4752 | D:4      | Killed a scorpion
  4753 | D:4      | Reached XP level 5. HP: 24/24 MP: 10/10
  4836 | D:4      | Noticed Grinder
  4851 | D:4      | Killed Grinder
  4852 | D:4      | Reached XP level 6. HP: 28/28 MP: 11/11
  5030 | D:4      | Noticed Natasha
  5050 | D:4      | Killed Natasha
  5426 | D:4      | Noticed Natasha
  5436 | D:4      | Killed Natasha
  5717 | D:4      | Noticed Natasha
  5735 | D:4      | Killed Natasha
  5825 | D:5      | Entered Level 5 of the Dungeon
  5915 | D:5      | Noticed an ice beast
  5921 | D:5      | Killed an ice beast
  5922 | D:5      | Reached XP level 7. HP: 32/32 MP: 12/12
  6021 | D:5      | Noticed Sigmund
  6036 | D:5      | Killed Sigmund
  6058 | D:5      | Noticed Pikel
  6076 | D:5      | Killed Pikel
  6077 | D:5      | Reached skill level 10 in Short Blades
  6077 | D:5      | Reached skill level 5 in Dodging
  6077 | D:5      | Reached XP level 8. HP: 17/36 MP: 13/13
  6288 | D:5      | Found the +2 cloak of the Thief {*Fog Slay-2 SInv Stlth+}
  6368 | D:5      | Found an iron altar of Okawaru.
  6506 | D:5      | Found a snail-covered altar of Cheibriados.
  7491 | D:6      | Found a shimmering blue altar of Sif Muna.
  7750 | D:6      | Noticed Menkaure
  7754 | D:6      | Killed Menkaure
  8105 | D:6      | Reached skill level 5 in Spellcasting
  8136 | D:6      | Reached XP level 9. HP: 36/39 MP: 17/17
  8162 | D:6      | Identified the +1 ring mail of the Eight Boll Weevils
                  | {rElec rC++ Regen+ Str+2}
  8264 | D:6      | Noticed Blork the orc
  8269 | D:6      | Killed Blork the orc
  8558 | D:6      | Found a runed translucent door.
  8559 | D:6      | Noticed Crazy Yiuf
  8568 | D:6      | Killed Crazy Yiuf
  8729 | D:7      | Found a burning altar of Makhleb.
  8753 | D:7      | Found a sand-covered staircase.
  8755 | D:7      | Found a staircase to the Ecumenical Temple.
  8762 | Ossuary  | Entered an ossuary
  9425 | D:7      | Reached skill level 6 in Dodging
  9640 | D:7      | Reached skill level 7 in Dodging
 10323 | Temple   | Entered the Ecumenical Temple
 10512 | Temple   | Fell from the grace of Gozag
 10512 | Temple   | Became a worshipper of Zin the Law-Giver
 10512 | Temple   | Reached * piety under Zin
 10512 | Temple   | Reached ** piety under Zin
 10513 | Temple   | Donated 458 gold pieces to Zin
 10551 | Temple   | Reached *** piety under Zin
 10696 | D:8      | Reached skill level 8 in Dodging
 10726 | D:8      | Reached skill level 1 in Invocations
 10844 | D:8      | Noticed Maurice
 10851 | D:8      | Killed Maurice
 10852 | D:8      | Reached skill level 9 in Dodging
 10878 | D:8      | Found a staircase to the Lair.
 10881 | D:8      | Noticed a komodo dragon
 10986 | D:8      | Killed a komodo dragon
 11017 | D:8      | Identified the +0 leather armour "Hiprukur" {Harm rElec
                  | Dex+6 Stlth-}
 11603 | D:8      | Reached XP level 10. HP: 44/44 MP: 20/20
 11722 | D:8      | Reached skill level 10 in Dodging
 12001 | D:8      | Noticed a seven-headed hydra
 12319 | Lair:1   | Entered Level 1 of the Lair of Beasts
 13018 | D:8      | Reached skill level 11 in Dodging
 13269 | Lair:1   | Noticed Maggie
 13292 | Lair:1   | Killed Maggie
 13312 | Lair:1   | Reached **** piety under Zin
 13351 | Lair:1   | Reached skill level 12 in Dodging
 13488 | Lair:1   | Reached skill level 5 in Invocations
 13978 | Lair:2   | Noticed Gastronok
 13978 | Lair:2   | Noticed a cane toad
 14041 | Lair:2   | Noticed a five-headed hydra
 14284 | Lair:1   | Killed a cane toad
 14529 | Lair:2   | Found a staircase to the Snake Pit.
 14608 | Lair:2   | Was forgiven by Gozag
 14608 | Lair:2   | Reached skill level 13 in Dodging
 14782 | Lair:2   | Killed Gastronok
 14783 | Lair:2   | Reached XP level 11. HP: 47/47 MP: 21/21
 14811 | Lair:2   | Reached skill level 14 in Dodging
 15191 | Lair:2   | Noticed a death yak
 15196 | Lair:2   | Noticed a death yak
 15196 | Lair:2   | Noticed a death yak
 15380 | Lair:2   | Noticed a death yak
 15399 | Lair:2   | Noticed a death yak
 15673 | Lair:2   | Found a runed translucent door.
 15704 | Lair:2   | Noticed a minotaur
 16521 | Lair:3   | Noticed a seven-headed hydra
 16547 | Lair:3   | Noticed a catoblepas
 16581 | Lair:3   | Slain by a catoblepas

Illustrated notes

Levels and vault maps discovered:
D:1:      grunt_arrival_crossed_arrows, layout_basic, roderic_three_in_a_row
D:2:      layout_basic, shapermc_ecumenical_altar_flowoftime,
          nicolae_elevator_lobby_plus
D:3:      layout_basic, lemuel_crystal_altar, gammafunk_ghost_stat_death,
          uniq_ijyb, uniq_jessica
D:4:      layout_basic, uniq_natasha, uniq_grinder
D:5:      layout_gridville, kennysheep_mini_moat, mainiacjoe_overflow_chevrons,
          uniq_sigmund, uniq_pikel
D:6:      layout_basic, led_sif_book, uniq_crazy_yiuf_cottage,
          uniq_blork_the_orc, uniq_menkaure
D:7:      layout_cave_pools, mainiacjoe_overflow_cross_hatched,
          minmay_temple_entry_large_hall, enter_ossuary_1
D:8:      layout_gridville, david_lair_shrubbed, chequers_big_river,
          kennysheep_generic_room_16, uniq_maurice
Temple:   nicolae_temple_superstar
Lair:1:   layout_loops_ring, lemuel_fruit_fields, uniq_maggie
Lair:2:   dreamdust_labyrinth, layout_regular_city, guppyfry_snake_entry_island,
          lemuel_fruit_tree, uniq_gastronok
Lair:3:   layout_hall_layers, swamp_mist_pool

Skill      XL: |  1  2  3  4  5  6  7  8  9 10 11 |
---------------+----------------------------------+-----
Short Blades   | 2 3 4 5 7 8 10 11 12 | 12.0
Dodging        | 5 9 13 14 | 14.6
Spellcasting   | 5 6 |  6.5
Invocations    | 2 6 |  6.7
Stealth        | |  4.4
Hexes          | |  3.6

Action                   |  1- 3 |  4- 6 |  7- 9 | 10-12 || total
-------------------------+-------+-------+-------+-------++-------
Melee: Whip              |   122 |    48 |       |       ||   170
       Dagger            |     7 |     1 |    15 |       ||    23
       Punch             |     2 |     2 |     6 |     7 ||    17
       Short sword       |       |    23 |   301 |   296 ||   620
Invok: Donate Gold       |       |       |     1 |       ||     1
       Recite            |       |       |       |     1 ||     1
       Vitalisation      |       |       |       |     1 ||     1
Evoke: Wand              |       |     1 |     3 |    24 ||    28
  Use: Scroll            |     8 |     3 |    11 |     6 ||    28
       Potion            |     1 |     1 |     3 |     4 ||     9
 Stab: Sleeping          |     4 |     5 |    10 |     1 ||    20
       Invisible         |     1 |     1 |     2 |       ||     4
       Distracted        |     1 |     1 |     6 |     7 ||    15
       Paralysed         |       |     2 |     1 |       ||     3
Armor: Robe              |    20 |     4 |    17 |    15 ||    56
Dodge: Dodged            |    98 |    49 |   151 |   236 ||   534

Table legend: (Time is in decaauts)
 A = Elapsed time spent in this place.
 B = Non-inter-level travel time spent in this place.
 C = Inter-level travel time spent in this place.
 D = Time resting spent in this place.
 E = Time spent auto-exploring this place.
 F = Levels seen in this place.
 G = Mean time per level.
                   A        B        C        D        E       F      G
               +--------+--------+--------+--------+--------+-----+--------+
         Total |  11978 |  11106 |    872 |    603 |   6844 |  13 |  921.4 |
       Dungeon |   8822 |   8178 |    644 |    303 |   5328 |   8 | 1102.8 |
        Temple |    154 |    153 |      1 |      0 |     55 |   1 |  154.0 |
          Lair |   2526 |   2299 |    227 |    100 |   1424 |   3 |  842.0 |
       Ossuary |    474 |    474 |      0 |    200 |     35 |   1 |  474.0 |
               +--------+--------+--------+--------+--------+-----+--------+

Top non-repeatable levels by time:
     D:8: 1546 daAuts
  Lair:2: 1392 daAuts
     D:2: 1196 daAuts
     D:3: 1111 daAuts
  Lair:1: 1101 daAuts
     D:6: 1040 daAuts
     D:4: 1010 daAuts
     D:5: 997 daAuts
     D:1: 995 daAuts
     D:7: 924 daAuts
 Ossuary: 474 daAuts
  Temple: 154 daAuts
  Lair:3: 32 daAuts
